 Dungeon Crawl Stone Soup version 0.17-a0-1575-g9a29ec8 (webtiles) character file.

44366 urechis the Grappler (level 13, -5/135 HPs)
             Began as a Troll Monk on July 26, 2015.
             Was the Champion of Okawaru.
             Slain by a hog (6 damage)
             ... led by Kirke
             ... on level 4 of the Lair of Beasts.
             The game lasted 00:53:01 (16715 turns).

urechis the Grappler (Troll Monk)                  Turns: 16715, Time: 00:53:02

Health: -5/135     AC:  7    Str: 26    XL:     13   Next: 95%
Magic:  3/3        EV: 16    Int:  6    God:    Okawaru [******]
Gold:   1346       SH:  0    Dex: 16    Spells: 0 memorised, 12 levels left

rFire  . . .     SeeInvis .       - Unarmed
rCold  + . .     Clarity  .     L - +2 robe "Jeled" {MR+ Dex+4 Slay+5}
rNeg   . . .     SustAt   .     (no shield)
rPois  +         Gourm    +     (helmet restricted)
rElec  +         Spirit   .     H - +0 cloak of Verhics {rElec rCorr MP-9}
rCorr  +         Warding  .     (gloves unavailable)
rMut   .         Stasis   .     (boots unavailable)
MR     +....                    t - amulet of regeneration
Stlth  ++........               w - ring of poison resistance
                                f - ring of protection from cold

@: somewhat resistant to hostile enchantments, unstealthy
A: unfitting armour, claws 3, hooves 2, deformed body, fast metabolism 3,
gourmand, regeneration 2, shaggy fur 1, tough skin 2
a: Heroism, Finesse, Renounce Religion


You were on level 4 of the Lair of Beasts.
You worshipped Okawaru.
Okawaru was exalted by your worship.
You were not hungry.

You visited 3 branches of the dungeon, and saw 20 of its levels.

You collected 1346 gold pieces.

Inventory:

Missiles
 h - 21 poisoned needles
 x - 5 large rocks (quivered)
Armour
 H - the +0 cloak of Verhics (worn) {rElec rCorr MP-9}
   (Okawaru gifted it to you on level 3 of the Lair of Beasts)

   It insulates you from electricity.
   It affects your magic capacity (-9).
   It protects you from acid and corrosion.
 L - the +2 robe "Jeled" (worn) {MR+ Dex+4 Slay+5}
   (You found it on level 8 of the Dungeon)

   It affects your dexterity (+4).
   It affects your accuracy and damage with ranged weapons and melee attacks
   (+5).
   It affects your resistance to hostile enchantments.
Jewellery
 f - a ring of protection from cold (left claw)
 p - an uncursed amulet of resist corrosion
 t - an amulet of regeneration (around neck)
 u - an uncursed amulet of resist mutation
 w - a ring of poison resistance (right claw)
 F - an uncursed ring of flight
Magical devices
 j - a wand of heal wounds (3)
 C - a wand of heal wounds (4)
Scrolls
 c - 4 scrolls of fog
 e - 9 scrolls of remove curse
 k - 4 scrolls of blinking
 o - a scroll of identify
 r - 4 scrolls of enchant armour
 s - 2 scrolls of fear
 v - 6 scrolls of teleportation
 y - 2 scrolls of silence
Potions
 a - a potion of beneficial mutation {unknown}
 d - 3 potions of heal wounds
 g - 3 potions of lignification
 m - 2 potions of haste {unknown}
 n - 5 potions of curing
 q - 3 potions of degeneration {unknown}
 z - 2 potions of berserk rage {unknown}
 B - 4 potions of might {unknown}
 D - a potion of ambrosia {unknown}
 E - 2 potions of poison {unknown}
 I - 2 potions of flight {unknown}
 J - a potion of agility {unknown}
 N - a potion of magic {unknown}
Comestibles
 b - 18 bread rations
 i - 23 fruits
 l - 3 slices of pizza
 A - 3 beef jerkies
 G - 2 royal jellies
 K - 8 meat rations


   Skills:
 - Level 10.3 Fighting
 + Level 8.0 Throwing
 + Level 7.1 Armour
 - Level 10.0 Dodging
 - Level 1.1 Stealth
 - Level 14.0 Unarmed Combat


You had 12 spell levels left.
You didn't know any spells.

Dungeon Overview and Level Annotations

Branches:
Dungeon (14/15)            Temple (1/1) D:6            Lair (5/8) D:11
 Shoals (0/4) Lair:3       Spider (0/4) Lair:4          Orc (0/4) D:11
 Vaults (0/5) D:13

Altars:
Ashenzari
Cheibriados
Dithmenos
Elyvilon
Fedhas
Gozag
Kikubaaqudgha
Makhleb
Nemelex Xobeh
Okawaru
Qazlal
Ru
Sif Muna
Trog
Vehumet
Xom
Yredelemnul
Zin
The Shining One

Shops:
D:11 %

Portals:
Trove: D:10 (give 14 potions of heal wounds)

Annotations:
Lair:4 Kirke


Innate Abilities, Weirdness & Mutations

You are too large for most types of armour.
You have claws for hands.
Your metabolism is lightning-fast.
You like to eat raw meat.
You heal very quickly.
You are covered in fur (AC +1).
You have very tough skin (AC +2).
You have hoof-like feet.
Armour fits poorly on your strangely shaped body.


Message History

The fire drake bites something.
The hog bites you!
* * * LOW HITPOINT WARNING * * *
Evoke which item? (* to show all) (? for menu, Esc to quit)
Zapping:
j - a wand of heal wounds (4)
Press: ? - help, Shift-Dir - straight line, f - you You feel much better.
This wand has 3 charges left.
You are no longer glowing.
The harpy claws something! x2
The harpy claws you!
* * * LOW HITPOINT WARNING * * *
The harpy claws you but does no damage.
The harpy claws something!!
The hog bites you.
* * * LOW HITPOINT WARNING * * *
The harpy claws you!
* * * LOW HITPOINT WARNING * * *
The harpy claws you.
* * * LOW HITPOINT WARNING * * *
The hog bites you but does no damage.
The harpy claws the plant!
The harpy claws the plant.
The hog bites you.
You die...

## ####....## ##........... .#
##....###...<........ ######
#......###........... .#...###
###..................
.......###### ##P................
..........#.# ##................
..###......#####PFH..............
### ####.....##.Hh...............
## ##.......@h##P.....>......
.##### #P.....#####.............
#.#P.####..####.# ##.............
.#........## ### #..............
...........# ##..............
#....#P....# #<..............
#####......# #...............
####..###..## ###...............
#......#....####P................


You could see a spiny frog, 2 harpies and 2 hogs.

Vanquished Creatures
  The ghost of HEYYEYAAE the Fighter, a powerful DrBe of Trog (D:13)
  Fannar (D:12)
  Harold (D:11)
  2 hydras
  2 dancing weapons (D:13)
  An anaconda (Lair:4)
  A centaur warrior (D:13)
  The ghost of HEYYEYAAE the Fighter, an experienced DrBe of Trog (D:8)
  Nergalle (D:12)
  A fire crab (shapeshifter) (D:14)
  3 unseen horrors
  4 hill giants
  3 ugly things
  3 cyclopes
  6 slime creatures
  A manticore (D:14)
  A centaur zombie (D:14)
  A siren (Lair:3)
  Joseph (D:8)
  7 spiny frogs
  2 kobold demonologists
  6 black mambas
  3 fire drakes
  2 efreet
  4 komodo dragons
  3 trolls
  3 two-headed ogres
  A boulder beetle (Lair:4)
  3 blink frogs (Lair:2)
  4 trapdoor spiders
  3 spriggans
  A wraith (D:10)
  17 yaks
  A centaur simulacrum (D:14)
  2 wyverns
  2 hippogriffs (Lair:4)
  7 wolves
  2 basilisks
  2 steam dragons
  4 vampire mosquitoes (D:12)
  2 mottled dragons
  A hungry ghost (D:8)
  3 wargs (D:11)
  9 porcupines
  Duvessa (D:7)
  16 water moccasins
  2 black bears (D:7)
  4 necrophages
  7 orc warriors
  2 eyes of draining
  4 sky beasts
  The ghost of HEYYEYAAE the Skirmisher, an average DrBe of Trog (D:3)
  2 ice beasts
  9 centaurs
  9 crocodiles
  7 ogres
  A wyvern zombie (D:9)
  A big kobold (D:13)
  15 giant frogs
  A gnoll sergeant (D:10)
  Dowan (D:7)
  An elf skeleton (D:8)
  2 wyvern skeletons
  22 killer bees
  4 scorpions
  An electric eel (D:9)
  5 wights
  9 crimson imps
  12 orc priests
  4 hounds
  3 jellies
  16 orc wizards
  2 giant frog skeletons
  11 worker ants
  3 centaur skeletons
  2 human zombies (D:8)
  A human skeleton (D:8)
  7 iguanas
  A killer bee zombie (D:9)
  6 sheep (Lair:2)
  A hound zombie (D:6)
  3 mummies (D:8)
  6 gnolls
  14 adders
  10 river rats (Lair:2)
  A shadow imp (D:9)
  An ooze (D:3)
  71 orcs
  2 ball pythons
  12 bats
  A bat skeleton (D:8)
  A bat zombie (D:7)
  4 giant cockroaches
  9 goblins
  15 hobgoblins
  6 jackals
  6 quokkas
  8 giant geckos
  2 giant gecko skeletons
  6 giant newts
  A jackal skeleton (D:4)
  15 kobolds
  2 orc zombies (D:8)
  A quokka zombie (D:5)
  15 rats
  4 plants
541 creatures vanquished.

Vanquished Creatures (others)
  An orc wizard (D:6)
  A bat (D:6)
  A fungus (Lair:4)
  22 plants
25 creatures vanquished.

Grand Total: 566 creatures vanquished

Notes
Turn   | Place    | Note
--------------------------------------------------------------
     0 | D:1      | urechis the Troll Monk began the quest for the Orb.
     0 | D:1      | Reached XP level 1. HP: 22/22 MP: 0/0
   372 | D:1      | Reached XP level 2. HP: 29/29 MP: 1/1
   951 | D:2      | Reached XP level 3. HP: 36/36 MP: 2/2
  1161 | D:2      | Found a glowing golden altar of the Shining One.
  1180 | D:2      | Reached skill level 5 in Unarmed Combat
  1180 | D:2      | Reached XP level 4. HP: 37/45 MP: 3/3
  1655 | D:3      | Found a snail-covered altar of Cheibriados.
  1744 | D:3      | Noticed HEYYEYAAE's ghost (average DrBe)
  1879 | D:3      | Killed HEYYEYAAE's ghost
  1879 | D:3      | Reached skill level 6 in Unarmed Combat
  1879 | D:3      | Reached XP level 5. HP: 24/53 MP: 4/4
  2175 | D:3      | Found a shimmering altar of Xom.
  2221 | D:4      | Reached XP level 6. HP: 39/62 MP: 5/5
  2391 | D:4      | Reached skill level 7 in Unarmed Combat
  2646 | D:4      | Noticed an ogre
  2659 | D:4      | Killed an ogre
  2659 | D:4      | Reached XP level 7. HP: 58/71 MP: 6/6
  2875 | D:5      | Entered Level 5 of the Dungeon
  3256 | D:5      | Got a crude robe
  3267 | D:5      | Identified the +4 robe "Suumamit" {Dex+3} (You found it on level 5 of the Dungeon)
  3340 | D:6      | Reached skill level 8 in Unarmed Combat
  3528 | D:6      | Reached skill level 5 in Fighting
  3528 | D:6      | Reached XP level 8. HP: 17/80 MP: 7/7
  3535 | D:6      | Reached skill level 9 in Unarmed Combat
  3792 | D:6      | Found a white marble altar of Elyvilon.
  3810 | D:6      | Found a staircase to the Ecumenical Temple.
  3816 | Temple   | Entered the Ecumenical Temple
  4047 | Temple   | Became a worshipper of Warmaster Okawaru
  4047 | Temple   | Acquired Okawaru's first power
  4598 | D:7      | Found a bloodstained altar of Trog.
  4605 | D:7      | Reached skill level 10 in Unarmed Combat
  4934 | D:7      | Noticed Duvessa
  4936 | D:7      | Noticed Dowan
  4937 | D:7      | Reached XP level 9. HP: 80/89 MP: 8/8
  4942 | D:7      | Killed Duvessa
  4951 | D:7      | Killed Dowan
  5062 | D:7      | Reached skill level 11 in Unarmed Combat
  5800 | D:8      | Got a wizard robe
  5811 | D:8      | Identified the +2 robe "Jeled" {MR+ Dex+4 Slay+5} (You found it on level 8 of the Dungeon)
  5891 | D:8      | Noticed Joseph
  5904 | D:8      | Killed Joseph
  5904 | D:8      | Reached skill level 12 in Unarmed Combat
  5955 | D:8      | Noticed HEYYEYAAE's ghost (experienced DrBe)
  5968 | D:8      | Killed HEYYEYAAE's ghost
  5968 | D:8      | Reached XP level 10. HP: 95/102 MP: 6/9
  6166 | D:8      | Found a basalt altar of Yredelemnul.
  6268 | D:8      | Acquired Okawaru's second power
  6296 | D:8      | Found an ancient bone altar of Kikubaaqudgha.
  6946 | D:9      | Reached skill level 13 in Unarmed Combat
  7617 | D:10     | Entered Level 10 of the Dungeon
  7775 | D:10     | Noticed a cyan ugly thing
  7791 | D:10     | Killed a cyan ugly thing
  7791 | D:10     | Reached skill level 14 in Unarmed Combat
  8033 | D:10     | Found a portal to a secret trove of treasure.
  8195 | D:11     | Found a staircase to the Orcish Mines.
  8263 | D:11     | Reached XP level 11. HP: 96/111 MP: 10/10
  8295 | D:11     | Found a staircase to the Lair.
  8310 | D:11     | Noticed a cyclops
  8319 | D:11     | Killed a cyclops
  8335 | D:11     | Killed an unseen horror
  8485 | D:11     | Noticed a brown ugly thing
  8491 | D:11     | Killed a brown ugly thing
  8497 | D:11     | Noticed Harold
  8522 | D:11     | Killed Harold
  8522 | D:11     | Reached skill level 5 in Dodging
  8594 | D:11     | Received a gift from Okawaru
  8598 | D:11     | Got a smoking lajatang {god gift}
  8599 | D:11     | Identified the +0 lajatang "Ygocoiri" {pain, rF+ Int+4} (Okawaru gifted it to you on level 11 of the Dungeon)
  8796 | D:11     | Found Vorina's Food Shoppe.
  9165 | D:12     | Noticed Fannar
  9177 | D:12     | Killed Fannar
  9371 | D:12     | Noticed a hill giant
  9385 | D:12     | Killed a hill giant
  9518 | D:12     | Noticed a hill giant
  9527 | D:12     | Killed a hill giant
  9527 | D:12     | Received a gift from Okawaru
  9529 | D:12     | Got a colourful robe {god gift}
  9540 | D:12     | Identified the +1 robe "Deylosif" {MR+} (Okawaru gifted it to you on level 12 of the Dungeon)
  9616 | D:12     | Reached XP level 12. HP: 103/124 MP: 11/11
 10147 | D:12     | Noticed Nergalle
 10154 | D:12     | Killed Nergalle
 10584 | D:13     | Reached skill level 10 in Fighting
 10728 | D:13     | Found a gate to the Vaults.
 10822 | D:13     | Noticed a centaur warrior
 10830 | D:13     | Killed a centaur warrior
 10839 | D:13     | Reached skill level 10 in Dodging
 10899 | D:13     | Reached skill level 1 in Throwing
 10899 | D:13     | Reached skill level 1 in Armour
 11105 | D:13     | Received a gift from Okawaru
 11156 | D:13     | Noticed HEYYEYAAE's ghost (powerful DrBe)
 11656 | D:13     | Killed HEYYEYAAE's ghost
 11656 | D:13     | Reached XP level 13. HP: 77/135 MP: 8/12
 12504 | Lair:1   | Entered Level 1 of the Lair of Beasts
 12712 | Lair:1   | Gained mutation: Your body sometimes deteriorates upon taking damage. [potion of mutation]
 12712 | Lair:1   | Gained mutation: Armour fits poorly on your strangely shaped body. [potion of mutation]
 12713 | Lair:1   | Gained mutation: You have large cloven feet. [potion of mutation]
 12713 | Lair:1   | Lost mutation: Your body sometimes deteriorates upon taking damage. [potion of mutation]
 12713 | Lair:1   | Gained mutation: You have hoof-like feet. [potion of mutation]
 13088 | Lair:1   | Reached skill level 5 in Throwing
 13768 | Lair:2   | Reached skill level 5 in Armour
 14882 | Lair:3   | Found a stormy altar of Qazlal.
 14903 | Lair:3   | Received a gift from Okawaru
 14904 | Lair:3   | Got a crude cloak {god gift}
 14910 | Lair:3   | Identified the +0 cloak of Verhics {rElec rCorr MP-9} (Okawaru gifted it to you on level 3 of the Lair of Beasts)
 15163 | Lair:3   | Found a staircase to the Shoals.
 16302 | Lair:4   | Found a hole to the Spider Nest.
 16692 | Lair:5   | Noticed Kirke
 16715 | Lair:4   | HP: 4/135 [harpy[Kirke] (12)]
 16715 | Lair:4   | HP: 1/135 [harpy[Kirke] (3)]
 16715 | Lair:4   | Slain by a hog

Vault maps used:
D:1:      eino_arrival_water_star
D:2:      nicolae_overflow_crystal_walls, roderic_curled_sauvastika,
          kennysheep_small_spiral
D:3:      xom_butterflies, cheibriados_altar_1, serial_bayou,
          serial_bayou_pond_d, serial_bayou_lake_a, serial_bayou_pond_e,
          serial_bayou_pond_a
D:4:      serial_glass, glass_columns_a, glass_columns_a
D:5:      first_bread
D:6:      elyvilon_altar_4, minmay_temple_entry_fiery
D:7:      trog_ov_bears_minmay, uniq_duvessa
D:8:      overflow_temple_1_default, lemuel_mausoleum_altar_yredelemnul,
          uniq_joseph
D:9:      serial_bayou, serial_bayou_pond_c, serial_bayou_pond_a,
          serial_bayou_ford_a, serial_bayou_lagoon_a, the_bakery
D:10:     enter_trove_2, minmay_strange_pillars
D:11:     erik_lair_orcish_takeover, orc_0_dummy, serial_shops,
          nicolae_shop_temple_entry_statues_fountains, uniq_harold
D:12:     minmay_hedge_maze, dk_vineyard_3, minmay_parallelograms,
          uniq_nergalle, uniq_fannar
D:13:     erik_vaults_1, enter_bailey_2
Temple:   oiseaux_autumnal_temple_12
Lair:1:   serial_bayou_shore_b
Lair:2:   beast_lair_carwin_3
Lair:3:   wad_woods_stonehenge, minmay_shoals_entry_lonely_mermaid,
          serial_bayou, serial_bayou_pond_a, serial_bayou_pond_c,
          serial_bayou_pond_e, serial_bayou_shore_a, beast_lair_carwin_11
Lair:4:   beast_lair_carwin_large_4, spider_nest_entry_webs
Lair:5:   small_statue_intersection, minmay_lair_oklob_bushes, uniq_snorg,
          uniq_kirke

Action                   |  1- 3 |  4- 6 |  7- 9 | 10-12 | 13-15 || total
-------------------------+-------+-------+-------+-------+-------++-------
Melee: Unarmed           |    92 |   158 |   301 |   593 |   340 ||  1484
Throw: Tomahawk          |       |       |       |    13 |       ||    13
       Large rock        |       |       |       |    13 |    23 ||    36
Invok: Heroism           |       |       |     2 |     1 |     2 ||     5
Evoke: Wand              |       |       |       |     2 |     6 ||     8
  Use: Scroll            |       |       |       |    15 |     8 ||    23
       Potion            |       |       |       |       |     2 ||     2
 Stab: Sleeping          |     2 |     3 |     4 |     7 |     3 ||    19
       Distracted        |       |     2 |       |     1 |       ||     3
  Eat: Chunk             |     9 |    17 |    32 |    55 |    45 ||   158
       Fruit             |       |     2 |       |       |       ||     2
